 Dungeon Crawl Stone Soup version 0.17-a0-1635-gd4e48f1 (webtiles) character file.

148 abixa the Chopper (level 5, -3/46 HPs)
             Began as a Minotaur Berserker on Aug 4, 2015.
             Was a Believer of Trog.
             Slain by an iguana (12 damage)
             ... on level 4 of the Dungeon.
             The game lasted 00:04:41 (1593 turns).

abixa the Chopper (Minotaur Berserker)              Turns: 1593, Time: 00:04:42

Health: -3/46      AC:  5    Str: 22    XL:     5   Next: 8%
Magic:  4/4        EV: 11    Int:  4    God:    Trog [**....]
Gold:   191        SH:  0    Dex: 10    Spells: 0 memorised, 4 levels left

rFire  . . .     SeeInvis .     a - +0 hand axe
rCold  . . .     Clarity  .     m - +0 ring mail
rNeg   . . .     SustAt   .     (no shield)
rPois  .         Gourm    .     (helmet restricted)
rElec  .         Spirit   .     (no cloak)
rCorr  .         Warding  .     (no gloves)
rMut   .         Rnd*Tele +     (no boots)
MR     .....                    (no amulet)
Stlth  ..........               h - ring of teleportation (curse)
                                A - ring of teleportation (curse)

@: not resistant to hostile enchantments, extremely unstealthy
A: retaliatory headbutt, horns 2
a: Burn Spellbooks, Berserk, Trog's Hand, Renounce Religion, Evoke Teleportation


You were on level 4 of the Dungeon.
You worshipped Trog.
Trog was pleased with you.
You were not hungry.

You visited 1 branch of the dungeon, and saw 4 of its levels.

You collected 191 gold pieces.

Inventory:

Hand weapons
 a - a +0 hand axe (weapon)
 t - a +0 hunting sling
 w - a +2 trident of protection
Missiles
 e - 72 arrows
 j - 27 bolts
 k - 127 stones (quivered)
 o - 33 sling bullets
 z - 14 arrows of dispersal
 C - 7 curare-tipped needles
Armour
 m - a +0 ring mail (worn)
Jewellery
 h - a cursed ring of teleportation (right hand)
 A - a cursed ring of teleportation (left hand)
Magical devices
 B - a wand of digging (15)
Scrolls
 g - 2 scrolls of identify {unknown}
 l - a scroll of fog {unknown}
 n - a scroll of magic mapping {unknown}
 p - a scroll of enchant weapon {unknown}
 s - a scroll of teleportation {unknown}
 u - a scroll of amnesia {unknown}
 x - a scroll of enchant armour {unknown}
 y - a scroll of noise {unknown}
Potions
 b - a potion of degeneration {unknown}
 d - 3 potions of heal wounds {unknown}
 f - 2 potions of cure mutation {unknown}
 q - a potion of flight {unknown}
 r - a potion of curing {unknown}
Books
 v - a book of Fire

   Spells                             Type                      Level
   a - Ignite Poison                  Fire/Transmutation/Poison    3
   b - Fireball                       Conjuration/Fire             5
   c - Bolt of Fire                   Conjuration/Fire             6
   d - Delayed Fireball               Conjuration/Fire             7
   e - Ring of Flames                 Charms/Fire                  7
   Trog disapproves of the use of such an item.
Comestibles
 c - 2 bread rations
 i - 13 fruits


   Skills:
 + Level 3.7 Fighting
 + Level 7.0 Axes
 + Level 2.4 Armour
 - Level 2.1 Dodging


You had 4 spell levels left.
You didn't know any spells.

Dungeon Overview and Level Annotations

Branches:
Dungeon (4/15)
 Temple: D:4-7

Altars:
Dithmenos
Fedhas
Nemelex Xobeh
Okawaru


Innate Abilities, Weirdness & Mutations

You reflexively headbutt those who attack you in melee.
You have a pair of horns on your head.


Message History

You throw a stone. The stone closely misses the iguana.
You closely miss the iguana.
The iguana is lightly wounded.
You completely miss the iguana.
The iguana is lightly wounded.
The iguana bites you but does no damage.
You hit the iguana.
The iguana is lightly wounded.
The iguana bites you!
You hit the iguana.
The iguana is moderately wounded.
The iguana bites you!
* * * LOW HITPOINT WARNING * * *
You barely miss the iguana.
The iguana is moderately wounded.
The iguana bites you but does no damage.
You hit the iguana.
The iguana is heavily wounded.
The iguana bites you!
You die...

#.........).....## .#
.#..
......#####)......##....
.... ...... #
##.#........... ##$.
<.....##.........#####.
..
.........#..##...#####...
.......>...###...........
#...######.###....
..#...#....# #
.####@..#### #l#......#
#(#####..# ..# .. ..##
(.. .(.. .....


You could see an iguana.

Vanquished Creatures
  An ogre (D:4)
  2 adders
  2 worms (D:3)
  7 orcs
  A ball python (D:2)
  4 hobgoblins (D:1)
  5 bats
  2 giant cockroaches
  7 goblins
  3 kobolds
  A quokka zombie (D:3)
  5 rats
40 creatures vanquished.

Vanquished Creatures (others)
  A ghoul (D:1)
  A draconian (D:1)
  2 octopodes (D:1)
  2 spriggans (D:1)
  A formicid (D:1)
  A dwarf (D:1)
  A mummy (D:1)
  2 orcs (D:1)
  A kobold (D:1)
  4 tentacles (D:1)
  20 tentacle segments (D:1)
36 creatures vanquished.

Grand Total: 76 creatures vanquished

Notes
Turn   | Place    | Note
--------------------------------------------------------------
     0 | D:1      | abixa the Minotaur Berserker began the quest for the Orb.
     0 | D:1      | Reached XP level 1. HP: 19/19 MP: 0/0
     0 | D:1      | Noticed a formicid
     0 | D:1      | Noticed a draconian
     0 | D:1      | Noticed a spriggan
     0 | D:1      | Noticed a ghoul
     0 | D:1      | Noticed a dwarf
     0 | D:1      | Noticed a kraken
     0 | D:1      | Noticed an octopode
     0 | D:1      | Noticed a spriggan
     0 | D:1      | Noticed an octopode
     5 | D:1      | Killed an octopode
     5 | D:1      | Killed a formicid
     7 | D:1      | Killed an octopode
     7 | D:1      | Killed a ghoul
     8 | D:1      | Killed a draconian
     8 | D:1      | Killed a spriggan
     9 | D:1      | Killed a dwarf
    11 | D:1      | Killed a spriggan
   122 | D:1      | Reached skill level 4 in Axes
   225 | D:1      | Reached XP level 2. HP: 23/26 MP: 1/1
   463 | D:2      | Found a sparkling altar of Nemelex Xobeh.
   587 | D:2      | Reached skill level 5 in Axes
   840 | D:2      | You fall through a shaft for 2 floors!
   998 | D:2      | Reached XP level 3. HP: 23/31 MP: 2/2
  1016 | D:2      | Acquired Trog's second power
  1143 | D:3      | Found an iron altar of Okawaru.
  1217 | D:3      | Found a faded altar to an unknown god.
  1305 | D:3      | Found a blossoming altar of Fedhas.
  1398 | D:3      | Found a shadowy altar of Dithmenos.
  1485 | D:4      | Noticed an ogre
  1494 | D:4      | Killed an ogre
  1494 | D:4      | Reached skill level 7 in Axes
  1494 | D:4      | Reached XP level 4. HP: 18/39 MP: 3/3
  1494 | D:4      | Reached XP level 5. HP: 20/45 MP: 4/4
  1593 | D:4      | Slain by an iguana

Vault maps used:
D:1:      nicolae_arrival_kraken_aquarium_a, hex_large, st_stairs_9
D:2:      nemelex_xobeh_ov_fountains_minmay, first_bread,
          guppyfry_early_lair_pool
D:3:      fedhas_altar_2, old_standard_altar, grunt_dithmenos_smoke,
          ecumenical_altar_2
D:4:      kennysheep_goblin_castle, uniq_eustachio

Action                   |  1- 3 |  4- 6 || total
-------------------------+-------+-------++-------
Melee: Hand axe          |    85 |    13 ||    98
Throw: Stone             |       |     3 ||     3
  Eat: Chunk             |     2 |       ||     2
